 Dungeon Crawl Stone Soup version 0.31.0-11-ge490571c62 (webtiles) character file.

Game seed: 11744752405861381619

810 Daunt the Chopper (level 7, -2/39 HPs)
             Began as a Vine Stalker Fighter on Jan 28, 2024.
             Killed from afar by a steam dragon (11 damage)
             ... with a ball of steam
             ... on level 6 of the Dungeon.
             The game lasted 00:09:36 (1290 turns).

Daunt the Chopper (Vine Stalker Fighter)            Turns: 1290, Time: 00:09:36

Health: -2/39      AC: 16    Str: 20    XL:     7   Next: 92%
Magic:  0/8        EV:  5    Int:  8    God:
Gold:   239        SH:  4    Dex: 14    Spells: 6/6 levels left

rFire   . . .        a - +0 war axe
rCold   . . .        c - +0 buckler
rNeg    . . .        k - +0 plate armour
rPois   .            (no helmet)
rElec   .            (no cloak)
rCorr   .            m - +0 pair of gloves
SInv    .            (no boots)
Will    .....        (no amulet) Stlth
                     h - +4 ring of protection
HPRegen 1.06/turn    j - +4 ring of slaying
MPRegen 0.11/turn

%: guardian spirit
@: no status effects
A: fangs 2, regeneration 1, magic shield, antimagic bite, no potion heal 2
a: no special abilities


You were on level 6 of the Dungeon.
You visited 1 branch of the dungeon, and saw 6 of its levels.

You collected 239 gold pieces.

Inventory:

Hand Weapons
 a - a +0 war axe (weapon)
 g - a +2 dagger of draining
 r - the +0 short sword "Qupacleps" {drain, rElec Dex+3}
   (You found it on level 4 of the Dungeon)

   Dex+3:     It affects your dexterity (+3).
   rElec:     It insulates you from electricity.
Missiles
 i - 11 poisoned darts (quivered)
 p - 5 stones
Armour
 b - a +0 scale mail
 c - a +0 buckler (worn)
 k - a +0 plate armour (worn)
 m - a +0 pair of gloves (worn)
Jewellery
 h - a +4 ring of protection (left hand)
 j - a +4 ring of slaying (right hand)
 u - a ring of magical power
Wands
 s - a wand of light (8)
Scrolls
 l - a scroll of fear {unknown}
 n - a scroll of poison {unknown}
 t - a scroll of enchant weapon {unknown}
Potions
 d - a potion of might
 e - 2 potions of curing {unknown}
 f - a potion of magic {unknown}
 o - a potion of haste {unknown}
 q - a potion of lignification {unknown}


   Skills:
 + Level 5.3 Fighting
 * Level 6.6 Axes
 - Level 2.4 Armour
 - Level 2.6 Shields


You had 6 spell levels left.
You didn't know any spells.
Your spell library contained the following spells:

 Spells                   Type           Power      Damage    Failure   Level
 Kiss of Death            Conj/Necr      0%         2d5       100%        1
 Confusing Touch          Hex            0%         N/A       100%        3
 Dispel Undead            Necr           0%         3d6       100%        4


Dungeon Overview and Level Annotations

Branches:
Dungeon (6/15)
 Temple: D:4-7

Altars:
Fedhas
Kikubaaqudgha
Makhleb
Qazlal
Trog


Innate Abilities, Weirdness & Mutations

You have extremely sharp teeth.
Your natural rate of healing is unusually fast.
When hurt, damage is shared between your health and your magic reserves.
Your bite disrupts and absorbs the magic of your enemies.
Potions cannot restore your health.


Message History

Unknown command.
You miss the adder.
The adder is heavily wounded.
The adder bites you but does no damage. You block the adder's attack.
You completely miss the adder. You bite the adder. You drain its power.
The adder is severely wounded.
You block the adder's attack.
You miss the adder.
The adder is severely wounded.
You hear the slow rusting of a drain very nearby.
The adder bites you but does no damage. x2
You barely miss the adder. You bite the adder.
You kill the adder!
You hit the steam dragon.
The steam dragon is lightly wounded.
The steam dragon breathes steam at you. The ball of steam hits you!!
The steam dragon bites you.
The steam dragon claws you but does no damage.
You hit the steam dragon. You bite the steam dragon. You drain its power.
You feel invigorated.
The steam dragon is moderately wounded.
The steam dragon breathes steam at you. The ball of steam hits you!
You slash the steam dragon! You bite the steam dragon. You drain its power.
You feel invigorated.
The steam dragon is severely wounded.
You are engulfed in a cloud of scalding steam.
* * * LOW HITPOINT WARNING * * *
The steam dragon bites you!
* * * LOW HITPOINT WARNING * * *
The steam dragon claws you but does no damage.
Unknown command.
Unknown command.
The steam dragon attacks as it pursues you!
You block the steam dragon's attack.
The steam dragon claws you but does no damage.
The steam dragon breathes steam at you. The ball of steam hits you!
You die...

#### .......#.♣# .
.......#..♣♣ .. ......#....
..#### .....#..♣
#.....#######.....♣
#...##.<#..#.....♣ ♣
.#...#)..#..'.....♣# .♣#
.#...#).##..#...@§.♣♣♣...♣♣
#....)###...#.§§§§D........
............#...§§.........
...8........#..§..§+.......
..........###......#.....##
#.....###.#....#####..?..#
+#...#+ ###....# .....#
#...# #....# $...... #...#
#....# .D.~...


You could see a steam dragon (catching breath).

Vanquished Creatures
  2 black bears
  An ogre (D:4)
  A phantom (D:4)
  A gnoll sergeant (D:6)
  A scorpion (D:5)
  A hound (D:5)
  2 jellies (D:6)
  An iguana (D:4)
  A sleepcap (D:4)
  2 orc wizards (D:4)
  5 gnolls (D:6)
  5 adders
  A white imp (D:6)
  2 ufetubi (D:6)
  A dart slug (D:5)
  3 orcs (D:4)
  4 endoplasms
  A giant cockroach (D:4)
  2 goblins (D:3)
  5 hobgoblins
  4 jackals
  4 kobolds
  3 quokkas
  3 ball pythons
  A bat (D:2)
  2 frilled lizards (D:1)
  4 rats
63 creatures vanquished.

Notes
Turn   | Place    | Note
-------+----------+-------------------------------------------
     0 | D:1      | Daunt the Vine Stalker Fighter began the quest for the Orb.
     0 | D:1      | Reached XP level 1. HP: 11/11 MP: 2/2
    43 | D:1      | Reached skill level 2 in Axes
   100 | D:1      | Reached XP level 2. HP: 16/16 MP: 3/3
   191 | D:2      | Reached XP level 3. HP: 18/20 MP: 2/4
   305 | D:2      | Found a blossoming altar of Fedhas.
   372 | D:3      | Noticed a black bear
   390 | D:3      | Killed a black bear
   391 | D:3      | Reached skill level 3 in Axes
   391 | D:3      | Reached XP level 4. HP: 25/25 MP: 5/5
   391 | D:3      | Reached XP level 5. HP: 29/29 MP: 6/6
   439 | D:4      | Found a stormy altar of Qazlal.
   452 | D:4      | Reached skill level 4 in Axes
   574 | D:5      | Entered Level 5 of the Dungeon
   574 | D:5      | Noticed an ice beast
   738 | D:4      | Identified the +0 short sword "Qupacleps" {drain, rElec
                  | Dex+3}
   840 | D:4      | Noticed an ogre
   854 | D:4      | Killed an ogre
   855 | D:4      | Reached XP level 6. HP: 33/33 MP: 7/7
   876 | D:4      | Reached skill level 5 in Axes
   971 | D:5      | Found a bloodstained altar of Trog.
   988 | D:5      | Found a burning altar of Makhleb.
  1033 | D:5      | Reached XP level 7. HP: 38/38 MP: 6/8
  1034 | D:5      | Found an ancient bone altar of Kikubaaqudgha.
  1142 | D:5      | Reached skill level 6 in Axes
  1201 | D:6      | Reached skill level 5 in Fighting
  1278 | D:6      | Noticed a steam dragon
  1290 | D:6      | Killed from afar by a steam dragon

Illustrated notes

Levels and vault maps discovered:
D:1:      minmay_arrival_open_corners, layout_rooms
D:2:      layout_loops_ring, basic_altar, uniq_natasha
D:3:      layout_loops_ring, chei_slow_surprise,
          dreamdust_ecumenical_altar_statues
D:4:      kennysheep_spiral_hall, layout_cave_pods,
          nicolae_qazlal_scattered_showers, st_stairs_12
D:5:      layout_loops_corners, mainiacjoe_overflow_24_doors,
          mainiacjoe_overflow_tiny_flanked, nemelex_spade_bored_becter,
          nicolae_overflow_crystal_walls
D:6:      layout_gridville, lemuel_doored_altar, minmay_temple_entry_tees,
          serial_demonic, serial_demonic_c, serial_demonic_g, serial_demonic_d,
          serial_demonic_f, serial_demonic_c, serial_demonic_f,
          lightli_sewer_entry_pipes, serial_bayou_pond_e, grunt_ministairs_6,
          minmay_stone_trees_medium, chequers_serial_rivers_micro_c,
          uniq_eustachio

Skill      XL: |  1  2  3  4  5  6  7 |
---------------+----------------------+-----
Axes           | 2 3 4 5 6 |  6.6
Fighting       | 3 4 5 |  5.3
Armour         | |  2.4
Shields        | |  2.6

Action                     |  1- 3 |  4- 6 |  7- 9 || total
---------------------------+-------+-------+-------++-------
  Melee: War axe           |    62 |    75 |    50 ||   187
         Bite              |     6 |    17 |    17 ||    40
  Throw: Dart              |       |       |     3 ||     3
    Use: Potion            |       |     1 |       ||     1
 Armour: Scale mail        |    38 |       |       ||    38
         Plate armour      |    18 |    63 |    76 ||   157
  Dodge: Dodged            |    45 |    16 |    11 ||    72
  Block: Buckler           |    14 |     9 |    19 ||    42
